 Dungeon Crawl Stone Soup version 0.24.0-123-gd5b16e6ec5 (webtiles) character file.

Game seed: 6996846632977964840, levelgen mode: deterministic

3602 Kobolds4U the Covert (level 9, -7/42 HPs)
             Began as a Spriggan Conjurer on Dec 21, 2019.
             Was an Initiate of Ashenzari.
             Mangled by a white ugly thing (35 damage)
             ... on level 8 of the Dungeon.
             The game lasted 00:42:37 (12359 turns).

Kobolds4U the Covert (Spriggan Conjurer)           Turns: 12359, Time: 00:42:38

Health: -7/42      AC:  2    Str:  7    XL:     9   Next: 86%
Magic:  3/16       EV: 35    Int: 19    God:    Ashenzari [......]
Gold:   127        SH:  0    Dex: 17    Spells: 6/16 levels left

rFire    . . .     SeeInvis +   s - +2 dagger (drain) (curse)
rCold    . . .     Gourm    .   (shield restricted)
rNeg     . . .     Faith    .   a - +0 robe
rPois    .         Spirit   .   (helmet restricted)
rElec    .         Reflect  .   (no cloak)
rCorr    .         Harm     .   (gloves unavailable)
MR       +....                  (boots unavailable)
Stlth    +++++.....             v - amulet of the acrobat (curse)
HPRegen  0.14/turn              u - ring of wizardry (curse)
MPRegen  0.15/turn              B - +3 ring of intelligence

@: acrobat, very quick
A: very small, unfitting armour, see invisible, herbivore, speed 3, slow
metabolism 2
a: Curse Item, Renounce Religion


You were on level 8 of the Dungeon.
You worshipped Ashenzari.
Ashenzari was noncommittal.
You were near starving.

You visited 2 branches of the dungeon, and saw 9 of its levels.

You collected 361 gold pieces.
You spent 234 gold pieces at shops.

Inventory:

Hand Weapons
 s - a cursed +2 dagger of draining (weapon)
 y - the cursed +1 rapier of Patience {pain, Str+4 Dex-2}
   (You bought it in a shop on level 7 of the Dungeon)

   In the hands of one skilled in necromantic magic, it inflicts extra damage on
   living creatures.
   It affects your strength (+4).
   It affects your dexterity (-2).
   It has a curse placed upon it.
 F - a +1 short sword of speed
 H - a +0 shortbow
 K - a +0 dagger of electrocution
Missiles
 l - 7 boomerangs (quivered)
 E - 7 curare-tipped darts
 G - 21 poisoned darts
 I - 46 arrows
Armour
 a - a +0 robe (worn)
 q - +0 steam dragon scales
Magical Staves
 A - an uncursed staff of wizardry
Jewellery
 h - an uncursed amulet of faith
 u - a cursed ring of wizardry (left hand)
 v - a cursed amulet of the acrobat (around neck)
 w - an uncursed ring of protection from fire
 B - a +3 ring of intelligence (right hand)
Wands
 r - a wand of flame (19)
 D - a wand of paralysis (9)
Scrolls
 e - 7 scrolls of teleportation
 f - a scroll of random uselessness {unknown}
 g - a scroll of fog {unknown}
 i - 2 scrolls of immolation
 j - 2 scrolls of fear
 k - 2 scrolls of remove curse
 n - a scroll of enchant weapon {unknown}
 x - 2 scrolls of blinking {unknown}
 z - a scroll of magic mapping {unknown}
 C - 2 scrolls of amnesia {unknown}
 M - a scroll of vulnerability {unknown}
Potions
 b - a potion of cancellation
 d - a potion of magic
 m - 2 potions of curing
 o - a potion of ambrosia
 p - a potion of might
 t - a potion of heal wounds {unknown}
 J - a potion of flight {unknown}
 L - a potion of resistance {unknown}
Comestibles
 c - 12 rations


   Skills:
 - Level 2.0 Fighting
 * Level 7.2 Short Blades
 - Level 5.0 Dodging
 + Level 13.0 Stealth
 - Level 4.0 Spellcasting
 - Level 6.0 Conjurations
 - Level 4.0 Hexes


You had 6 spell levels left.
You knew the following spells:

 Your Spells              Type           Power        Failure   Level  Hunger
a - Magic Dart            Conj           ####         1%          1    None
b - Searing Ray           Conj           ####..       1%          2    ##.....
c - Dazzling Spray        Conj/Hex       ###...       2%          3    ###....
d - Fulminant Prism       Conj/Hex       ###.......   7%          4    ####...

Your spell library contained the following spells:

 Spells                   Type           Power        Failure   Level  Hunger
 Iskenderun's Mystic Bla  Conj           ####....     4%          4    ####...
 Force Lance              Conj/Tloc      ###.....     16%         4    ####...


Dungeon Overview and Level Annotations

Branches:
Dungeon (8/15)             Temple (1/1) D:6
   Lair: D:8-11

Altars:
Ashenzari
Cheibriados
Dithmenos
Elyvilon
Fedhas
Gozag
Kikubaaqudgha
Nemelex Xobeh
Okawaru
Ru
Sif Muna
Trog
Uskayaw
Vehumet
Wu Jian
Xom
Zin
The Shining One

Shops:
D:5 }   D:7 (


Innate Abilities, Weirdness & Mutations

You are very small and have problems with some larger weapons.
You are too small for most types of armour.
You have supernaturally acute eyesight. (SInv)
You are a herbivore.
You cover ground extremely quickly.
You need to consume almost no food.


Message History

The white ugly thing completely misses you.
The searing ray hits the white ugly thing!
The white ugly thing is heavily wounded.
You finish channeling your searing ray.
The white ugly thing completely misses you.
Casting: Searing Ray (safe; 1% risk of failure)
Confirm with . or Enter, or press ? or * to list all spells.
Aiming: Searing Ray (safe; 1% risk of failure)
Press: ? - help, Shift-Dir - straight line, f/p - white ugly thing
Aim: a white ugly thing (moderately wounded)
The searing ray hits the white ugly thing.
The white ugly thing is heavily wounded. (Press . to maintain the ray.)
The searing ray hits the white ugly thing.
The white ugly thing is heavily wounded.
The searing ray hits the white ugly thing!
The white ugly thing is severely wounded.
The white ugly thing trunk-slaps you! The white ugly thing freezes you!!
Ouch! That really hurt!
You die...

#.# #..........
#.####.#.....#
#............#
#......#.._..####.#
##.#####........#.# #.#
#........#.# #.#
##....##.#.# ### #u#
#.#.....#.# #.# #@#
#.#..#..... ###.# #.#
#.#........ #...# #..
..#.......# #.#.#
###########.#..... #.#.#
#.........#.#.....
#.#.#####.######.##.#.....
#.#.....#.######.##.......
#.....#.<.........#.......
#.......#.#####...#.....##


You could see a white ugly thing.

Vanquished Creatures
  Grinder (D:4)
  3 hippogriffs
  Eustachio (D:4)
  Duvessa (D:7)
  2 orc warriors
  A black bear (D:7)
  2 ice beasts
  3 ogres
  2 centaurs
  A phantom (D:4)
  Blork the orc (D:4)
  A big kobold (D:6)
  Dowan (D:7)
  2 scorpions
  3 wights (D:6)
  2 crimson imps
  A quasit (D:7)
  2 jellies
  3 hounds
  2 orc priests
  A bullfrog skeleton (D:5)
  A centaur skeleton (D:4)
  6 orc wizards
  4 iguanas
  Ijyb (D:4)
  Natasha (thrice) (D:2)
  7 worker ants
  A hound zombie (D:7)
  A hound skeleton (D:6)
  5 gnolls
  15 adders
  A shadow imp (D:5)
  An ooze (D:7)
  An adder zombie (D:7)
  2 adder skeletons
  A worm (D:3)
  A dart slug (D:2)
  4 leopard geckos
  22 orcs
  6 giant cockroaches
  10 goblins
  15 hobgoblins
  5 jackals
  26 kobolds
  6 quokkas
  3 ball pythons
  11 bats
  4 frilled lizards
  2 jackal skeletons
  8 rats
  A plant (D:6)
210 creatures vanquished.

Notes
Turn   | Place    | Note
-------+----------+-------------------------------------------
     0 | D:1      | Kobolds4U the Spriggan Conjurer began the quest for the
                  | Orb.
     0 | D:1      | Reached XP level 1. HP: 9/9 MP: 5/5
   211 | D:1      | Reached skill level 4 in Stealth
   280 | D:1      | Reached XP level 2. HP: 13/13 MP: 1/6
   331 | D:1      | Learned a level 2 spell: Searing Ray
   648 | D:1      | Reached skill level 5 in Stealth
  1028 | D:2      | Noticed Natasha
  1160 | D:1      | Reached XP level 3. HP: 5/16 MP: 1/8
  1436 | D:2      | Reached skill level 6 in Stealth
  1842 | D:2      | Reached XP level 4. HP: 21/21 MP: 0/9
  1983 | D:2      | Killed Natasha
  1983 | D:2      | Reached skill level 7 in Stealth
  2105 | D:2      | Noticed Natasha
  2125 | D:2      | Killed Natasha
  2125 | D:2      | Reached skill level 8 in Stealth
  2137 | D:2      | Noticed Natasha
  2580 | D:2      | Killed Natasha
  2580 | D:2      | Reached XP level 5. HP: 24/24 MP: 2/10
  3154 | D:3      | Reached skill level 9 in Stealth
  4120 | D:3      | Reached XP level 6. HP: 28/28 MP: 1/11
  4557 | D:4      | HP: 1/28 [ogre/+0 giant club (27)]
  4890 | D:4      | Reached skill level 10 in Stealth
  5392 | D:3      | Learned a level 3 spell: Dazzling Spray
  5420 | D:4      | Noticed Ijyb
  5423 | D:4      | Killed Ijyb
  5430 | D:4      | Noticed Eustachio
  5694 | D:4      | Found a sacrificial altar of Ru.
  5706 | D:4      | Reached XP level 7. HP: 32/32 MP: 13/13
  5746 | D:4      | Noticed Blork the orc
  5762 | D:4      | Learned a level 4 spell: Fulminant Prism
  6085 | D:4      | Killed Blork the orc
  6186 | D:4      | Noticed Grinder
  6351 | D:3      | Reached skill level 11 in Stealth
  6829 | D:5      | Entered Level 5 of the Dungeon
  6831 | D:5      | Found a shimmering altar of Xom.
  6910 | D:5      | Found Kapsucapt's Gadget Shoppe.
  6930 | D:5      | Reached skill level 1 in Hexes
  6943 | D:5      | Reached skill level 5 in Dodging
  7482 | D:4      | Reached XP level 8. HP: 36/36 MP: 15/15
  7525 | D:4      | Killed Grinder
  7525 | D:4      | Reached skill level 1 in Short Blades
  7943 | D:4      | Killed Eustachio
  8377 | D:5      | Reached skill level 5 in Conjurations
  8803 | D:6      | Found a staircase to the Ecumenical Temple.
  8809 | D:6      | Reached skill level 12 in Stealth
  8814 | Temple   | Entered the Ecumenical Temple
  8959 | Temple   | Became a worshipper of Ashenzari the Shackled
  9468 | D:6      | Found a shimmering blue altar of Sif Muna.
  9472 | D:6      | Reached XP level 9. HP: 39/39 MP: 16/16
  9762 | D:6      | Reached skill level 1 in Fighting
  9762 | D:6      | Reached skill level 5 in Short Blades
 11539 | D:7      | Noticed Duvessa
 11542 | D:7      | Noticed Dowan
 11550 | D:7      | Killed Duvessa
 11553 | D:7      | Killed Dowan
 11898 | D:7      | Found Daen's Antique Weapon Shoppe.
 11903 | D:7      | Bought an ichor-stained rapier for 234 gold pieces
 11903 | D:7      | Identified the cursed +1 rapier of Patience {pain, Str+4
                  | Dex-2} (You bought it in a shop on level 7 of the Dungeon)
 12048 | D:8      | Reached skill level 13 in Stealth
 12292 | D:8      | Found a snail-covered altar of Cheibriados.
 12321 | D:8      | Noticed a white ugly thing
 12359 | D:8      | Mangled by a white ugly thing

Levels and vault maps discovered:
D:1:      scummos_arrival_simple_crosswalls, layout_basic
D:2:      layout_rooms, serial_bayou_pond_a, minmay_domino_4, uniq_natasha
D:3:      layout_loops_cross
D:4:      layout_basic, nicolae_ru_path_of_blood, uniq_blork_the_orc,
          uniq_grinder, uniq_eustachio, uniq_ijyb
D:5:      layout_cave_pools, first_ration, serial_shops, shop, xom_teletrap_fun
D:6:      kennysheep_kobold_camp, layout_basic, lemuel_crystal_altar,
          minmay_temple_entry_overgrown, nicolae_zen_rock_garden
D:7:      layout_basic, serial_shops, kennysheep_little_box, uniq_duvessa
D:8:      layout_basic, lemuel_doored_altar, basic_altar
Temple:   eino_temple_scatter_basement

Skill      XL: |  1  2  3  4  5  6  7  8  9 |
---------------+----------------------------+-----
Stealth        | 4 5 6 8 9 10 11 12 13 | 13.0
Conjurations   | 3 4 5 6 |  6.0
Spellcasting   | 3 4 |  4.0
Dodging        | 5 |  5.0
Hexes          | 1 3 4 |  4.0
Short Blades   | 4 7 |  7.2
Fighting       | 2 |  2.0

Action                   |  1- 3 |  4- 6 |  7- 9 || total
-------------------------+-------+-------+-------++-------
Melee: Unarmed           |    19 |       |       ||    19
       Dagger            |     8 |    54 |   361 ||   423
 Cast: Magic Dart        |    89 |   105 |    57 ||   251
       Searing Ray       |     1 |    14 |    22 ||    37
       Dazzling Spray    |       |       |    42 ||    42
Invok: Curse Item        |       |       |     3 ||     3
  Use: Scroll            |       |     4 |     5 ||     9
 Stab: Sleeping          |     1 |    19 |    16 ||    36
       Distracted        |       |     1 |     1 ||     2
       Invisible         |       |       |    17 ||    17
  Eat: Ration            |       |     2 |     5 ||     7
Armor: Robe              |     6 |     7 |    23 ||    36
Dodge: Dodged            |    30 |   105 |   333 ||   468
